 Dungeon Crawl Stone Soup version 0.25-a0-322-g3677130cb1 (webtiles) character file.

Game seed: 7624036099990764196, levelgen mode: deterministic

25885 Aelig the Slicer (level 13, -1/73 (74) HPs)
             Began as a Kobold Abyssal Knight on Dec 27, 2019.
             Was a Priest of Lugonu.
             Slain by an orc warrior
             ... wielding a +0 halberd
              (30 damage)
             ... on level 2 of the Orcish Mines.
             The game lasted 01:25:29 (20563 turns).

Aelig the Slicer (Kobold Abyssal Knight)           Turns: 20563, Time: 01:25:30

HP:   -1/73 (74)    AC:  9    Str: 10    XL:     13   Next: 53%
MP:   15/21         EV: 21    Int: 18    God:    Lugonu [***...]
Gold: 852           SH:  7    Dex: 21    Spells: 12/12 levels left

rFire    . . .     SeeInvis +   a - +0 rapier (venom)
rCold    . . .     Gourm    .   q - +0 buckler
rNeg     . . .     Faith    .   i - +1 leather armour of Fosica {-Cast MR+ Regen+ Dex+7}
rPois    .         Spirit   .   (no helmet)
rElec    .         Reflect  .   p - +2 cloak
rCorr    .         Harm     .   C - +1 pair of gloves
MR       +....     NoCast   +   (no boots)
Stlth    ++........             d - amulet of magic regeneration
HPRegen  0.62/turn              s - ring of see invisible
MPRegen  0.42/turn              (no ring)

@: no status effects
A: small, carnivore
a: Depart the Abyss, Bend Space, Banish, Renounce Religion


You were on level 2 of the Orcish Mines.
You worshipped Lugonu.
Lugonu was most pleased with you.
You were very full.

You visited 3 branches of the dungeon, and saw 16 of its levels.
You visited the Abyss 1 time.
You also visited: Bailey.

You collected 1238 gold pieces.
You spent 386 gold pieces at shops.

Inventory:

Hand Weapons
 a - a +0 rapier of venom (weapon)
 b - a +0 lajatang
Missiles
 h - 52 boomerangs (quivered)
Armour
 i - the +1 leather armour of Fosica (worn) {-Cast MR+ Regen+ Dex+7}
   (You bought it in a shop on level 4 of the Dungeon)

   It affects your dexterity (+7).
   It affects your resistance to hostile enchantments.
   It prevents spellcasting.
   It increases your rate of regeneration.
 p - a +2 cloak (worn)
 q - a +0 buckler (worn)
 C - a +1 pair of gloves (worn)
 E - the +0 leather armour of the Game of Kings {rF+ MP+9}
   (You bought it in a shop on level 4 of the Dungeon)

   It protects you from fire.
   It affects your magic capacity (+9).
Jewellery
 d - an amulet of magic regeneration (around neck)
 s - a ring of see invisible (left hand)
 w - an uncursed ring of fire
Wands
 j - a wand of polymorph (5)
 y - a wand of scattershot (4)
Scrolls
 e - a scroll of magic mapping
 k - 4 scrolls of enchant weapon
 m - a scroll of enchant armour
 n - 5 scrolls of immolation
 r - a scroll of fog
 t - a scroll of remove curse
 v - 2 scrolls of amnesia
 x - 8 scrolls of teleportation
Potions
 f - 3 potions of resistance
 g - 3 potions of haste
 l - 7 potions of curing
 o - 2 potions of brilliance
 u - 6 potions of flight
 z - a potion of mutation
 B - a potion of ambrosia {unknown}
 G - a potion of cancellation {unknown}
Comestibles
 c - 25 rations
 A - 4 chunks of flesh


   Skills:
 - Level 6.1 Fighting
 - Level 13.3 Short Blades
 + Level 11.2 Staves
 - Level 0.7 Armour
 - Level 8.1 Dodging
 - Level 5.7 Shields
 - Level 11.5 Invocations
 - Level 3.1 Evocations


You had 12 spell levels left.
You didn't know any spells.
Your spell library contained the following spells:

 Spells                   Type           Power        Failure   Level  Hunger
 Infusion                 Chrm           #...         30%         1    ##.....
 Song of Slaying          Chrm           #.......     41%         2    ###....
 Ozocubu's Armour         Chrm/Ice       #.......     65%         3    ####...
 Eringya's Noxious Bog    Tmut/Pois      #.........   100%        6    #######
 Hydra Form               Tmut           #.........   100%        6    #######


Dungeon Overview and Level Annotations

Branches:
Dungeon (13/15)            Temple (0/1) D:4            Lair (1/6) D:8
    Orc (2/2) D:12         Bailey (visited)
    Elf: Orc:2       Vaults: D:13-14

Altars:
Elyvilon
Fedhas
Kikubaaqudgha
Nemelex Xobeh
Okawaru
Qazlal
Ru
Sif Muna
Trog

Shops:
D:4 ([!}   Orc:2 *:

Annotations:
D:11 exclusion: obsidian statue
Abyss:1 Erica, Joseph, Pikel, Prince Ribbit


Innate Abilities, Weirdness & Mutations

You are small and have problems with some larger weapons.
You are carnivorous and can eat meat at any time.


Message History

There is a stone staircase leading up, spattered with blood here.
You see here a +0 giant spiked club.
Space bends around you!
You blink.
Press: ? - help, Shift-Dir - straight line, f - orc knight
Aim: an orc knight, wielding a +0 great mace and wearing a +0 chain mail (lightly wounded, chance to defeat MR: 75%)
The orc knight struggles to resist.
You feel somewhat less full.
You can no longer corrupt the fabric of space.
The orc knight roars a battlecry!
The orc warriors go into a battle-frenzy!
Press: ? - help, Shift-Dir - straight line, f/p - orc knight
Aim: an orc knight, wielding a +0 great mace and wearing a +0 chain mail (lightly wounded, chance to defeat MR: 75%)
The orc knight is devoured by a tear in reality.
Lugonu claims a new guest.
The orc warrior closely misses you.
The orc warrior hits you from afar with a +0 glaive!!
The orc warrior hits you from afar with a +0 glaive!!
You block the gnoll's attack. The orc warrior closely misses you.
The orc warrior barely misses you.
The orc warrior hits you from afar with a +0 halberd!!
You die...

##..................#......
#######..........####.##.$
###[.....†## ## #[....[...#
####<§.......##
#...)....o....####
###...)..##oog..#..#
#.#..)....#........#
#.......#####@)...#.#
##....[.####......##
##....[[#.........#
#.[[...)...[...###
###[#.........##
#.##........# ###........##
#.......## ##..#.###


You could see 3 orc warriors and a gnoll.

Vanquished Creatures
  2 two-headed ogres (D:12)
  An unseen horror (D:11)
  4 orc knights
  An orc sorcerer (Orc:2)
  An ugly thing (D:11)
  A manticore (D:11)
  A gargoyle (D:12)
  A centaur skeleton (D:12)
  2 trolls (D:12)
  A hornet (D:10)
  3 hippogriffs
  A spriggan (D:7)
  A wraith (D:11)
  14 yaks
  2 hungry ghosts
  6 wargs
  4 water moccasins
  4 porcupines
  3 ice beasts
  27 orc warriors
  5 sky beasts
  A slave (D:6)
  3 black bears (D:8)
  16 ogres
  A necrophage (D:7)
  2 phantoms
  5 centaurs
  3 crocodiles
  3 big kobolds
  9 bullfrogs
  A gnoll sergeant (D:6)
  A wyvern skeleton (D:7)
  4 scorpions
  15 wights
  6 killer bees
  5 howler monkeys
  2 bullfrog zombies
  6 crimson imps
  8 hounds
  A quasit (D:12)
  A bullfrog skeleton (D:7)
  9 orc priests
  4 jellies
  15 orc wizards
  12 worker ants
  4 iguanas
  A howler monkey skeleton (D:4)
  2 worker ant zombies
  10 gnolls
  12 adders
  3 shadow imps
  An ooze (D:2)
  An adder skeleton (D:4)
  A worm (D:4)
  6 leopard geckos
  67 orcs
  7 giant cockroaches
  6 goblins
  10 hobgoblins
  9 jackals
  5 quokkas
  5 bats
  4 frilled lizards
  A jackal skeleton (D:4)
  23 kobolds
  A leopard gecko skeleton (D:4)
  A leopard gecko zombie (D:6)
  A quokka zombie (D:2)
  4 rats
403 creatures vanquished.

Vanquished Creatures (others)
  An orc warlord (Orc:2)
  A slime creature (D:12)
  3 two-headed ogres
  2 orc high priests (Orc:2)
  An orc knight (Orc:2)
  An ugly thing (D:12)
  3 orc sorcerers (Orc:2)
  2 orc warriors
  2 killer bees (D:8)
  An orc wizard (D:11)
  33 fungi
  16 plants
66 creatures vanquished.

Grand Total: 469 creatures vanquished

Notes
Turn   | Place    | Note
-------+----------+-------------------------------------------
     0 | Abyss:1  | Aelig the Kobold Abyssal Knight began the quest for the
                  | Orb.
     0 | Abyss:1  | Reached XP level 1. HP: 14/14 MP: 2/2
     4 | Abyss:1  | Found a corrupted altar of Lugonu.
    68 | Abyss:1  | Found a corrupted altar of Lugonu.
    88 | D:1      | Escaped the Abyss
   123 | D:1      | Reached skill level 3 in Short Blades
   477 | D:1      | Reached XP level 2. HP: 12/19 MP: 3/3
  1322 | D:2      | Reached skill level 4 in Short Blades
  1336 | D:2      | Found a stormy altar of Qazlal.
  1344 | D:2      | Found an iron altar of Okawaru.
  1344 | D:2      | Found an ancient bone altar of Kikubaaqudgha.
  1544 | D:2      | Reached XP level 3. HP: 23/23 MP: 4/4
  2237 | D:3      | Reached skill level 5 in Short Blades
  2754 | D:3      | Reached XP level 4. HP: 17/28 MP: 5/5
  3044 | D:4      | Found a staircase to the Ecumenical Temple.
  3058 | D:4      | Identified the Tome of Helpful Changing
  3060 | D:4      | Found Seugaw's Antique Armour Emporium.
  3149 | D:4      | Reached ** piety under Lugonu
  3158 | D:4      | Noticed a phantom
  3224 | D:4      | Killed a phantom
  3224 | D:4      | Reached skill level 6 in Short Blades
  3224 | D:4      | Reached skill level 1 in Shields
  3224 | D:4      | Reached XP level 5. HP: 19/32 MP: 6/6
  3339 | D:4      | Found Vobri's Antique Weapon Shop.
  3375 | D:4      | Found a sacrificial altar of Ru.
  3376 | D:4      | Noticed an ogre
  3410 | D:5      | Entered Level 5 of the Dungeon
  3531 | D:5      | Reached XP level 6. HP: 25/37 MP: 7/7
  4411 | D:4      | Found Viseyk's Distillery.
  4434 | D:4      | Bought a potion of heal wounds for 50 gold pieces
  4460 | D:4      | Found Plog's Gadget Emporium.
  4659 | D:3      | Reached skill level 7 in Short Blades
  4659 | D:3      | Reached XP level 7. HP: 33/41 MP: 9/9
  5285 | D:5      | Reached skill level 8 in Short Blades
  5285 | D:5      | Reached XP level 8. HP: 30/46 MP: 11/11
  5455 | D:5      | Reached skill level 5 in Invocations
  6125 | D:6      | Reached skill level 9 in Short Blades
  6687 | D:4      | Found a shimmering blue altar of Sif Muna.
  7142 | D:6      | Reached XP level 9. HP: 51/51 MP: 13/13
  7734 | D:6      | Reached skill level 5 in Shields
  8029 | D:4      | Bought a bloodstained leather armour for 168 gold pieces
  8040 | D:4      | Identified the +1 leather armour of Fosica {-Cast MR+
                  | Regen+ Dex+7} (You bought it in a shop on level 4 of the
                  | Dungeon)
  8195 | D:6      | Reached skill level 10 in Short Blades
  8539 | D:6      | Reached *** piety under Lugonu
  8578 | D:6      | Reached skill level 11 in Short Blades
  8994 | D:7      | Reached skill level 12 in Short Blades
  9154 | D:7      | Reached XP level 10. HP: 49/56 MP: 14/14
  9211 | D:7      | Found a white marble altar of Elyvilon.
  9327 | D:7      | Found a sparkling altar of Nemelex Xobeh.
  9753 | D:7      | Reached skill level 5 in Fighting
 10186 | D:7      | Noticed Pikel
 10301 | D:7      | Banished Pikel
 10301 | D:7      | Reached skill level 5 in Dodging
 10488 | D:8      | Noticed Prince Ribbit
 10491 | D:8      | Banished Prince Ribbit
 10737 | D:8      | Noticed a two-headed ogre
 10764 | D:8      | Banished a two-headed ogre
 10768 | D:8      | Found a staircase to the Lair.
 10815 | D:8      | Noticed Erica
 10818 | D:8      | Banished Erica
 10828 | D:8      | Reached XP level 11. HP: 63/63 MP: 11/17
 11221 | D:8      | Noticed Joseph
 11233 | D:8      | Reached skill level 10 in Invocations
 11275 | D:8      | Found a bloodstained altar of Trog.
 11278 | D:8      | Banished Joseph
 11401 | D:4      | Bought a smoking leather armour for 168 gold pieces
 11411 | D:4      | Identified the cursed +0 leather armour of the Game of
                  | Kings {rF+ MP+9} (You bought it in a shop on level 4 of the
                  | Dungeon)
 11673 | Lair:1   | Entered Level 1 of the Lair of Beasts
 12682 | D:9      | Noticed a two-headed ogre
 12683 | D:9      | Banished a two-headed ogre
 14880 | D:10     | Entered Level 10 of the Dungeon
 14914 | D:10     | Noticed a deep elf mage
 15040 | D:10     | Noticed a two-headed ogre
 15041 | D:10     | Banished a two-headed ogre
 15854 | D:11     | Noticed a brown ugly thing
 15884 | D:11     | Killed a brown ugly thing
 15884 | D:11     | Reached skill level 13 in Short Blades
 15884 | D:11     | Reached skill level 1 in Evocations
 15924 | D:11     | Noticed an unseen horror
 15947 | D:11     | Killed an unseen horror
 15963 | D:11     | Reached XP level 12. HP: 69/69 MP: 20/20
 16449 | D:11     | Reached skill level 1 in Staves
 16826 | D:12     | Found a staircase to the Orcish Mines.
 16890 | D:12     | Reached **** piety under Lugonu
 17174 | D:12     | Reached skill level 5 in Staves
 17471 | D:12     | Noticed a two-headed ogre
 17536 | D:12     | Killed a two-headed ogre
 17945 | D:12     | Found a blossoming altar of Fedhas.
 17948 | D:12     | Noticed a two-headed ogre
 18059 | D:12     | Killed a two-headed ogre
 18494 | D:13     | Noticed a centaur warrior
 18544 | Orc:1    | Entered Level 1 of the Orcish Mines
 18761 | Orc:1    | Noticed an orc warlord
 18910 | D:12     | Banished an orc warlord
 18910 | D:12     | Reached XP level 13. HP: 43/73 MP: 13/21
 19085 | Orc:1    | Identified the +5 hand axe of Skirmishing {flame, +Fly
                  | rF+++ MR++ Dex-5}
 19216 | Orc:1    | Found a flagged portal.
 19225 | Bailey   | Entered a bailey
 19498 | Bailey   | Reached ***** piety under Lugonu
 19864 | Orc:2    | Entered Level 2 of the Orcish Mines
 19874 | Orc:2    | Paralysed by an orc sorcerer for 7 turns
 19915 | Orc:2    | Noticed an orc warlord
 19947 | Orc:2    | Banished an orc warlord
 19947 | Orc:2    | Reached skill level 10 in Staves
 20089 | Orc:2    | Found Voigec's Book Boutique.
 20323 | Orc:2    | Found Nettuin's General Store.
 20563 | Orc:2    | Slain by an orc warrior

Levels and vault maps discovered:
D:1:      grunt_arrival_crossed_arrows, layout_basic
D:2:      layout_basic, grunt_temple_overflow_open, minmay_misc_feat_tower
D:3:      layout_loops_corners
D:4:      layout_gridville, tgw_sif, old_standard_altar,
          minmay_temple_entry_ruins, first_ration, serial_shops,
          nicolae_shop_stone, shop_statue, nicolae_shop_trees, shop
D:5:      layout_loops_cross, chequers_decorated_corner
D:6:      layout_rooms, minmay_misc_feat_ornament, kennysheep_boxes
D:7:      minmay_recursive_quarters, layout_basic, elyvilon_altar_3,
          lemuel_crystal_altar, serial_co_window_serial, co_window_paths_a,
          co_window_paths_a, co_window_paths_a, co_window_paths_b,
          co_window_paths_a, co_window_of_opportunity_c,
          co_window_unsneaky_path_c, co_window_cross_2, co_window_2corner,
          glass_columns_b, glass_columns_b, glass_columns_b, glass_columns_a,
          glass_columns_b, the_bakery, uniq_pikel
D:8:      layout_basic, old_standard_altar, due_lair_maze_entry_diamond,
          uniq_prince_ribbit1, uniq_erica, uniq_joseph
D:9:      layout_cave_pools
D:10:     layout_basic, lightli_corner_chamber
D:11:     layout_roguey, minivault_16
D:12:     layout_gridville, minmay_orc_entry_guard_dogs, fedhas_altar_3
D:13:     layout_basic, grunt_vaults_entry_tiered
Lair:1:   layout_gridlike, serial_rivers, chequers_serial_rivers_micro_a,
          chequers_serial_rivers_room_b, chequers_serial_rivers_micro_e,
          chequers_serial_rivers_room_a
Orc:1:    layout_caves, enter_bailey_2
Orc:2:    grunt_orc_gardens, layout_diamond_mine, grunt_orc_garden,
          grunt_orc_garden, grunt_orc_garden, grunt_orc_garden, serial_shops,
          shop

Skill      XL: |  1  2  3  4  5  6  7  8  9 10 11 12 13 |
---------------+----------------------------------------+-----
Short Blades   | 3 4 5 6 7 8 9 12 13 | 13.3
Shields        | 1 2 3 4 5 |  5.7
Invocations    | 3 4 6 9 11 | 11.5
Dodging        | 6 8 |  8.1
Fighting       | 6 |  6.1
Evocations     | 2 3 |  3.1
Staves         | 8 11 | 11.2
Armour         | |  0.7

Action                   |  1- 3 |  4- 6 |  7- 9 | 10-12 | 13-15 || total
-------------------------+-------+-------+-------+-------+-------++-------
Melee: Short sword       |   144 |   267 |   592 |   527 |       ||  1530
       Rapier            |       |       |       |  1054 |   431 ||  1485
Throw: Boomerang         |       |       |    20 |     2 |       ||    22
Invok: Bend Space        |       |     7 |    27 |    19 |     7 ||    60
       Banish            |       |       |       |    17 |    13 ||    30
Evoke: Wand              |       |       |       |     2 |       ||     2
  Use: Scroll            |     5 |       |     7 |    17 |       ||    29
       Potion            |       |     2 |     5 |     2 |     2 ||    11
 Stab: Distracted        |       |       |     1 |     1 |       ||     2
       Sleeping          |       |       |       |     5 |       ||     5
       Invisible         |       |       |       |       |     2 ||     2
  Eat: Chunk             |    13 |     6 |    16 |    42 |    10 ||    87
       Ration            |       |       |       |     1 |       ||     1
Armor: Leather armour    |    31 |    42 |    49 |   129 |    29 ||   280
       Skin              |       |     7 |       |       |       ||     7
Dodge: Dodged            |    99 |   134 |   173 |   774 |   321 ||  1501
Block: Buckler           |     2 |    42 |   103 |   324 |   173 ||   644

Table legend:
 A = Non-vault XP
 B = Vault XP
 C = Vault XP percentage of total XP
 D = Non-vault monster count
 E = Vault monster count
 F = Vault count percentage of total count
                 A         B        C        D         E       F
            +---------+---------+-------+---------+---------+-------
      Total |   27093 |    9886 |  26.7 |     356 |      69 |  16.2
            +---------+---------+-------+---------+---------+-------
        D:1 |      17 |       0 |   0.0 |      10 |       0 |   0.0
        D:2 |      23 |       0 |   0.0 |      11 |       0 |   0.0
        D:3 |      38 |      40 |  51.3 |      14 |       1 |   6.7
        D:4 |     448 |       0 |   0.0 |      30 |       0 |   0.0
        D:5 |    1282 |       0 |   0.0 |      19 |       0 |   0.0
        D:6 |    1344 |       0 |   0.0 |      18 |       0 |   0.0
        D:7 |    1464 |    1155 |  44.1 |      34 |      10 |  22.7
        D:8 |    2985 |    1892 |  38.8 |      41 |      12 |  22.6
        D:9 |    1034 |       0 |   0.0 |      12 |       0 |   0.0
       D:10 |    1190 |       0 |   0.0 |      16 |       0 |   0.0
       D:11 |    3489 |     170 |   4.6 |      35 |       1 |   2.8
       D:12 |    9973 |     342 |   3.3 |      76 |       2 |   2.6
       D:13 |      87 |       0 |   0.0 |       2 |       0 |   0.0
     Lair:1 |     849 |       0 |   0.0 |       6 |       0 |   0.0
      Orc:1 |     599 |       0 |   0.0 |      13 |       0 |   0.0
      Orc:2 |    2271 |    5031 |  68.9 |      19 |      18 |  48.6
     Bailey |       0 |    1256 | 100.0 |       0 |      25 | 100.0
            +---------+---------+-------+---------+---------+-------
